 Dungeon Crawl Stone Soup version 0.22.0-21-g8bd1b0a (webtiles) character file.

38686 Lew the Martial Artist (level 13, -2/135 HPs)
             Began as a Demonspawn Abyssal Knight on Aug 19, 2018.
             Was the Champion of Lugonu.
             Killed from afar by an acid dragon (6 damage)
             ... with a splash of acid
             ... on level 15 of the Dungeon.
             The game lasted 01:12:11 (17022 turns).

Lew the Martial Artist (Demonspawn Abyssal Knight) Turns: 17022, Time: 01:12:11

Health: -2/135     AC: 28    Str: 14    XL:     13   Next: 65%
Magic:  0/28       EV:  2    Int: 14    God:    Lugonu [******]
Gold:   1363       SH: 11    Dex: 21    Spells: 12/12 levels left

rFire    . . .     SeeInvis .   a - +6 spear (distort)
rCold    . . .     Gourm    .   t - +0 shield
rNeg     + + +     Faith    .   (armour currently unavailable)
rPois    +         Spirit   +   (helmet currently unavailable)
rElec    +         Reflect  .   (cloak currently unavailable)
rCorr    .         Harm     .   (gloves currently unavailable)
MR       .....     NoTele   +   (boots currently unavailable)
Stlth    +++.......             j - amulet of the acrobat
HPRegen  0.72/turn              w - ring "Ujeuruacse" {rElec rPois MP+9}
MPRegen  0.42/turn              g - +2 ring of protection

@: agile, tree-form
A: deterioration 1, frail 1, regeneration 1, evolution 1, magic shield, magic
regeneration
a: Depart the Abyss, Bend Space, Banish, Corrupt, Enter the Abyss, Renounce
Religion


You were on level 15 of the Dungeon.
You worshipped Lugonu.
Lugonu was exalted by your worship.
You were not hungry.
You were a tree.
You visited 2 branches of the dungeon, and saw 16 of its levels.
You visited the Abyss 1 time.
You also visited: Labyrinth and Ossuary.

You collected 3203 gold pieces.
You spent 1840 gold pieces at shops.

Inventory:

Hand Weapons
 a - a +6 spear of distortion (weapon)
 r - a +11 war axe
Armour
 h - a scarf of repulsion
 t - a +0 shield (worn)
 x - a +2 pair of gloves of dexterity (melded)
 E - a +0 pair of boots of stealth
 F - a +0 cloak (melded)
 G - a +0 troll leather armour
 L - the +1 ice dragon scales of the Land of Plenty (melded) {rF- rC++ rN+}
   (You found it in a labyrinth)

   It makes you vulnerable to fire.
   It greatly protects you from cold.
   It protects you from negative energy.
 M - a +2 chain mail of poison resistance
Jewellery
 g - a +2 ring of protection (right branch)
 j - an amulet of the acrobat (around neck)
 w - the ring "Ujeuruacse" (left branch) {rElec rPois MP+9}
   (You found it on level 13 of the Dungeon)

   [ring of poison resistance]

   It insulates you from electricity.
   It protects you from poison.
   It affects your magic capacity (+9).
 D - an uncursed amulet of magic regeneration
Wands
 i - a wand of iceblast (10)
 p - a wand of enslavement (38)
 y - a wand of flame (42)
 O - a wand of acid (9)
 P - a wand of digging (35)
Scrolls
 b - 14 scrolls of remove curse
 l - 2 scrolls of identify
 m - 2 scrolls of blinking
 n - 2 scrolls of acquirement
 v - 6 scrolls of amnesia
 H - 3 scrolls of magic mapping
Potions
 e - a potion of flight
 o - a potion of agility
 s - 2 potions of lignification
 C - a potion of ambrosia
Comestibles
 c - 15 rations


   Skills:
 * Level 8.9 Fighting
 * Level 4.3(6.6) Axes
 + Level 7.9(8.4) Polearms
 + Level 9.0 Armour
 + Level 8.8 Dodging
 * Level 8.2 Shields
 - Level 10.0 Unarmed Combat
 + Level 8.8 Invocations


You had 12 spell levels left.
You didn't know any spells.
Your spell library contained the following spells:

 Spells                   Type           Power        Failure   Level  Hunger
 Infusion                 Chrm           #...         56%         1    ##.....
 Magic Dart               Conj           #...         56%         1    ##.....
 Sandblast                Erth           #.....       56%         1    ##.....
 Summon Butterflies       Summ           #.......     56%         1    ##.....
 Blink                    Tloc           N/A          71%         2    ###....
 Call Imp                 Summ           #.......     71%         2    ###....
 Passwall                 Tmut/Erth      #.......     71%         2    ###....
 Shroud of Golubria       Chrm/Tloc      #.........   71%         2    ###....
 Slow                     Hex            #.......     71%         2    ###....
 Song of Slaying          Chrm           #.......     71%         2    ###....
 Call Canine Familiar     Summ           #.......     90%         3    ####...
 Conjure Flame            Conj/Fire      #.......     90%         3    ####...
 Mephitic Cloud           Conj/Pois/Air  #.......     90%         3    ####...
 Regeneration             Chrm/Necr      #.........   90%         3    ####...
 Spectral Weapon          Hex/Chrm       #.......     90%         3    ####...
 Stone Arrow              Conj/Erth      #.....       90%         3    ####...
 Leda's Liquefaction      Hex/Erth       #.........   100%        4    #####..
 Petrify                  Tmut/Erth      #.......     100%        4    #####..
 Summon Ice Beast         Ice/Summ       #.......     100%        4    #####..
 Bolt of Magma            Conj/Fire/Erth #.........   100%        5    ######.
 Lee's Rapid Deconstruct  Erth           #.........   100%        5    ######.
 Summon Mana Viper        Hex/Summ       #.......     100%        5    ######.
 Iron Shot                Conj/Erth      #.........   100%        6    #######
 Statue Form              Tmut/Erth      #........    100%        6    #######
 Summon Hydra             Summ           #.........   100%        7    #######
 Shatter                  Erth           #.........   100%        9    #######


Dungeon Overview and Level Annotations

Branches:
Dungeon (15/15)            Temple (1/1) D:6            Lair (0/6) D:9
    Orc (0/2) D:11         Vaults (0/5) D:13         Depths (0/5) D:15

Altars:
Ashenzari
Cheibriados
Dithmenos
Elyvilon
Fedhas
Gozag
Hepliaklqana
Kikubaaqudgha
Makhleb
Nemelex Xobeh
Okawaru
Qazlal
Ru
Sif Muna
Trog
Uskayaw
Vehumet
Wu Jian
Xom
Yredelemnul
Zin
The Shining One

Shops:
D:8 ?=   D:9 ?   D:12 %*   D:13 *   D:14 [

Portals:
Trove: D:13 (give 6 scrolls of blinking)

Annotations:
D:12 Terandir's ghost, journeyman MiFi
D:14 Frances
D:15 Nessos


Innate Abilities, Weirdness & Mutations

((You have a pair of small antennae on your head.))
((You have very sharp fingernails.))
((You have hoof-like feet.))
((You are mostly covered in sharp spines.))
When hurt, damage is shared between your health and your magic reserves.
You regenerate magic rapidly.
Your body sometimes deteriorates upon taking damage.
You are frail. (-10% HP)
Your natural rate of healing is unusually fast.
You evolve.


Message History

The slime creature quivers.
You hit the death knight.
The death knight looks slightly unstable.
The death knight is lightly wounded.
The death knight reflects your damage back at you!
* * * LOW HITPOINT WARNING * * *
The death knight hits you from afar with an enchanted glaive!
* * * LOW HITPOINT WARNING * * *
You feel better.
The acid dragon seems to regain its courage.
The death knight hits you from afar with an enchanted glaive.
* * * LOW HITPOINT WARNING * * *
You turn into a tree.
Your +0 cloak melds into your body.
Your +2 pair of gloves of dexterity melds into your body.
The +1 ice dragon scales of the Land of Plenty {rF- rC++ rN+} melds into your body.
You feel clumsy.
Your roots penetrate the ground.
The death knight disappears!
The acid dragon spits acid at you. The splash of acid hits you!
You die...

## .. ##
####.####
#♣.J.....
#††§.....
#........
#....D...
#########


You could see a slime creature and an acid dragon.

Vanquished Creatures
  A minotaur (Lab)
  Josephine (D:11)
  Erolcha (D:11)
  A hydra (D:12)
  2 vault guards (D:13)
  3 centaur warriors
  A two-headed ogre (D:8)
  3 death yaks (D:9)
  2 unseen horrors
  2 wizards (D:13)
  A necromancer (D:13)
  A deep elf mage (D:12)
  3 cyclopes
  7 ugly things
  2 manticores
  3 gargoyles
  A komodo dragon (D:14)
  5 centaur skeletons
  A yaktaur (D:13)
  A freezing wraith (D:15)
  2 guardian mummies (D:13)
  4 trolls
  3 hornets (D:12)
  Grinder (D:3)
  4 slime creatures (D:14)
  3 hippogriffs
  A shadow (D:14)
  A vampire (D:13)
  5 wyverns
  18 yaks
  13 wraiths
  16 humans (D:13)
  A basilisk (D:14)
  4 hungry ghosts (Lab)
  The ghost of IjonTichy1 the Ducker, an amateur OpBe of Trog (D:3)
  A soldier ant (D:12)
  A water moccasin (D:7)
  A porcupine (D:9)
  6 orc warriors
  An eye of draining (D:14)
  The ghost of Enish the Skirmisher, an amateur MiBe of Trog (D:2)
  2 ice beasts
  2 black bears
  A necrophage (D:15)
  A phantom (D:8)
  5 sky beasts
  4 ogres
  The ghost of Karim the Chiller, an amateur GnWn (D:3)
  The ghost of zkyp the Poker, an amateur NaGl of Hepliaklqana (D:3)
  5 centaurs
  A crocodile (D:11)
  7 bullfrogs
  3 elf zombies (Ossuary)
  3 scorpions
  5 killer bees (D:11)
  4 wights (D:13)
  4 howler monkeys
  8 crimson imps
  3 bullfrog zombies
  5 centaur zombies
  4 hounds
  3 orc priests
  12 orc wizards
  2 human zombies (Ossuary)
  Ijyb (D:3)
  A jelly (D:6)
  2 bullfrog skeletons
  3 iguanas
  7 worker ants
  A hell rat (D:9)
  A big kobold zombie (Ossuary)
  2 hound skeletons
  3 mummies
  17 adders
  3 river rats (D:9)
  3 shadow imps
  An ooze (D:2)
  5 adder zombies
  3 adder skeletons
  3 worms (D:2)
  3 dart slugs
  4 leopard geckos
  41 orcs
  8 giant cockroaches
  6 hobgoblins
  21 jackals
  11 quokkas
  2 ball pythons
  A ball python skeleton (D:4)
  9 bats
  7 frilled lizards
  4 goblins
  A goblin zombie (D:4)
  7 hobgoblin zombies
  3 jackal zombies (Ossuary)
  2 kobolds
  10 kobold zombies (Ossuary)
  A leopard gecko skeleton (D:5)
  10 orc zombies (Ossuary)
  2 quokka skeletons
  6 rats
431 creatures vanquished.

Vanquished Creatures (others)
  A hydra (D:12)
  2 humans (D:13)
  A yak (D:12)
  4 plants (D:12)
  4 starspawn tentacles (Abyss:2)
  3 withered plants (D:15)
15 creatures vanquished.

Grand Total: 446 creatures vanquished

Notes
Turn   | Place    | Note
-------+----------+-------------------------------------------
     0 | Abyss:1  | Lew the Demonspawn Abyssal Knight began the quest for the Orb.
     0 | Abyss:1  | Reached XP level 1. HP: 18/18 MP: 2/2
    72 | Abyss:2  | Noticed a large abomination
    98 | Abyss:2  | Noticed a tentacled starspawn
   120 | Abyss:2  | Noticed a hellwing
   122 | Abyss:2  | Noticed a hellwing
   123 | D:1      | Escaped the Abyss
   176 | D:1      | Reached * piety under Lugonu
   244 | D:1      | Gained mutation: You are partially covered in sharp spines. [demonic ancestry]
   244 | D:1      | Reached XP level 2. HP: 15/24 MP: 3/3
   525 | D:2      | Found a stormy altar of Qazlal.
   526 | D:2      | Noticed a water elemental
   527 | D:2      | Noticed an earth elemental
   528 | D:2      | Noticed a fire elemental
   528 | D:2      | Noticed an air elemental
   697 | D:2      | Gained mutation: You have sharp fingernails. [demonic ancestry]
   697 | D:2      | Reached XP level 3. HP: 28/29 MP: 4/4
   823 | D:2      | Reached ** piety under Lugonu
  1013 | D:2      | Gained mutation: You have large cloven feet. [demonic ancestry]
  1013 | D:2      | Reached XP level 4. HP: 35/35 MP: 5/5
  1311 | D:3      | Found a sparkling altar of Nemelex Xobeh.
  1810 | D:3      | Gained mutation: You are mostly covered in sharp spines. [demonic ancestry]
  1810 | D:3      | Reached XP level 5. HP: 34/41 MP: 6/6
  2074 | D:3      | Noticed Ijyb
  2074 | D:3      | Paralysed by Ijyb for 7 turns
  2091 | D:3      | Paralysed by Ijyb for 7 turns
  2101 | D:3      | Paralysed by Ijyb for 5 turns
  2117 | D:3      | Killed Ijyb
  2117 | D:3      | Reached skill level 5 in Polearms
  2147 | D:3      | Noticed Grinder
  2157 | D:3      | Paralysed by Grinder for 4 turns
  2172 | D:3      | Killed Grinder
  2172 | D:3      | Gained mutation: You have very sharp fingernails. [demonic ancestry]
  2172 | D:3      | Reached XP level 6. HP: 40/47 MP: 7/7
  2344 | D:3      | Noticed IjonTichy1's ghost (amateur OpBe)
  2345 | D:3      | Noticed Karim's ghost (amateur GnWn)
  2345 | D:3      | Noticed zkyp's ghost (amateur NaGl)
  2347 | D:3      | Found a runed gate.
  2347 | D:3      | Found a runed gate.
  2348 | D:3      | Found a runed gate.
  2354 | D:3      | Noticed Enish's ghost (amateur MiBe)
  2554 | D:3      | Killed IjonTichy1's ghost
  2554 | D:3      | Reached skill level 2 in Unarmed Combat
  2590 | D:3      | Killed Karim's ghost
  2590 | D:3      | Reached skill level 3 in Unarmed Combat
  2590 | D:3      | Gained mutation: When hurt, damage is shared between your health and your magic reserves. [demonic ancestry]
  2590 | D:3      | Reached XP level 7. HP: 50/52 MP: 8/8
  2596 | D:3      | Killed zkyp's ghost
  2627 | D:3      | HP: 1/52 [Enish's ghost (4)]
  2970 | D:2      | Killed Enish's ghost
  2970 | D:2      | Reached skill level 4 in Unarmed Combat
  3241 | D:4      | Reached skill level 1 in Dodging
  3243 | D:4      | Reached *** piety under Lugonu
  3394 | D:4      | Found a sand-covered staircase.
  3405 | Ossuary  | Entered an ossuary
  3567 | Ossuary  | Reached **** piety under Lugonu
  3579 | Ossuary  | Reached skill level 5 in Unarmed Combat
  3579 | Ossuary  | Gained mutation: You regenerate magic rapidly. [demonic ancestry]
  3579 | Ossuary  | Reached XP level 8. HP: 37/58 MP: 4/9
  3990 | D:4      | Found a hide-covered altar of Uskayaw.
  3991 | D:4      | Found an iron altar of Okawaru.
  4347 | D:5      | Entered Level 5 of the Dungeon
  4376 | D:5      | Found an ancient bone altar of Kikubaaqudgha.
  4523 | D:5      | Reached skill level 6 in Unarmed Combat
  4748 | D:5      | Gained mutation: Your magical capacity is low. (-10% MP) [potion of mutation]
  4748 | D:5      | Gained mutation: Your muscles are strong. (Str +2) [potion of mutation]
  4753 | D:5      | Lost mutation: Your muscles are strong. (Str +2) [potion of mutation]
  4753 | D:5      | Lost mutation: Your magical capacity is low. (-10% MP) [potion of mutation]
  4753 | D:5      | Gained mutation: You are frail. (-10% HP) [potion of mutation]
  4753 | D:5      | Gained mutation: You evolve. [potion of mutation]
  4753 | D:5      | Gained mutation: Your natural rate of healing is unusually fast. [potion of mutation]
  5011 | D:5      | Found a snail-covered altar of Cheibriados.
  5097 | D:6      | Found a staircase to the Ecumenical Temple.
  5171 | D:6      | Reached XP level 9. HP: 59/59 MP: 10/10
  5316 | D:6      | Found a shadowy altar of Dithmenos.
  5421 | D:6      | Found a hazy altar of Hepliaklqana.
  5630 | Temple   | Entered the Ecumenical Temple
  5885 | D:4      | Got a slimy whip
  5886 | D:4      | Identified the +7 whip of Hell's Wrath {pain, rF- MP+9 Dex+2} (You found it on level 4 of the Dungeon)
  6117 | D:7      | Reached skill level 5 in Fighting
  6146 | D:7      | Reached skill level 7 in Unarmed Combat
  7080 | D:8      | Found Sougum's Jewellery Shop.
  7201 | D:8      | Reached ***** piety under Lugonu
  7223 | D:8      | Found Tuask's Magic Scroll Shoppe.
  7232 | D:8      | Bought a scroll of magic mapping for 42 gold pieces
  7232 | D:8      | Bought a scroll of magic mapping for 42 gold pieces
  7232 | D:8      | Bought a scroll of identify for 24 gold pieces
  7232 | D:8      | Bought a scroll of magic mapping for 42 gold pieces
  7378 | D:8      | Got a smoking ring mail
  7389 | D:8      | Identified the +0 ring mail "Qas Ram" {rF+} (You found it on level 8 of the Dungeon)
  7522 | D:8      | Noticed a two-headed ogre
  7546 | D:8      | Killed a two-headed ogre
  7546 | D:8      | Reached skill level 1 in Shields
  7871 | D:8      | Reached skill level 5 in Armour
  8008 | D:8      | Found a burning altar of Makhleb.
  8191 | D:9      | Found Xampem Koso's Magic Scroll Boutique.
  8194 | D:9      | Bought a scroll of identify for 20 gold pieces
  8194 | D:9      | Bought a scroll of magic mapping for 35 gold pieces
  8222 | D:9      | Reached XP level 10. HP: 67/68 MP: 12/12
  8228 | D:9      | Noticed a death yak
  8230 | D:9      | Noticed a death yak
  8231 | D:9      | Noticed a death yak
  8245 | D:9      | Killed a death yak
  8245 | D:9      | Reached skill level 5 in Dodging
  8507 | D:9      | Found a staircase to the Lair.
  8677 | D:9      | Killed a death yak
  8677 | D:9      | Reached skill level 8 in Unarmed Combat
  8696 | D:9      | Killed a death yak
  8803 | D:10     | Entered Level 10 of the Dungeon
  8915 | D:10     | Noticed a gargoyle
  8926 | D:10     | Killed a gargoyle
  9063 | D:10     | Identified a scroll of acquirement
  9211 | D:10     | Killed an unseen horror
  9211 | D:10     | Reached skill level 5 in Invocations
  9211 | D:10     | Gained mutation: You have hoof-like feet. [demonic ancestry]
  9211 | D:10     | Reached XP level 11. HP: 64/74 MP: 14/14
  9537 | D:11     | Found a staircase to the Orcish Mines.
  9803 | D:11     | Noticed Josephine
  9803 | D:11     | Noticed Erolcha
  9821 | D:11     | Killed Josephine
  9877 | D:11     | Killed Erolcha
  9877 | D:11     | Reached skill level 9 in Unarmed Combat
  9970 | D:11     | Reached skill level 5 in Shields
 10060 | D:11     | Killed an unseen horror
 10076 | D:11     | Reached ****** piety under Lugonu
 10174 | D:11     | Identified a +6 spear of distortion (a +4 spear corrupted by Lugonu)
 10174 | D:11     | Received a gift from Lugonu
 10410 | D:12     | Found Yppu's Food Emporium.
 10452 | D:12     | Found a labyrinth entrance.
 10468 | Lab      | Entered a labyrinth
 10981 | Lab      | Noticed a minotaur
 10997 | Lab      | Got bronze ice dragon scales
 11013 | Lab      | Killed a minotaur
 11169 | Lab      | Identified the +1 ice dragon scales of the Land of Plenty {rF- rC++ rN+} (You found it in a labyrinth)
 11257 | D:12     | Found Dixo Nubo's Pet Rocks.
 11287 | D:12     | Reached XP level 12. HP: 75/81 MP: 16/16
 11356 | D:12     | Noticed a centaur warrior
 11379 | D:12     | Killed a centaur warrior
 11769 | D:12     | Noticed a 13-headed hydra
 11769 | D:12     | Noticed Terandir's ghost (journeyman MiFi)
 11770 | D:12     | Noticed a 13-headed hydra
 11931 | D:12     | Found a runed gate.
 11931 | D:12     | Found a runed gate.
 11931 | D:12     | Found a runed gate.
 12122 | D:12     | Banished a 13-headed hydra
 12153 | D:12     | Killed a 13-headed hydra
 12735 | D:13     | Reached skill level 10 in Unarmed Combat
 12792 | D:13     | Noticed a centaur warrior
 12802 | D:13     | Killed a centaur warrior
 12802 | D:13     | Reached skill level 1 in Axes
 13298 | D:13     | Gained mutation: You have a pair of small antennae on your head. [demonic ancestry]
 13298 | D:13     | Reached XP level 13. HP: 84/88 MP: 18/18
 13335 | D:13     | Got a twitching silver ring
 13406 | D:13     | Found a gate to the Vaults.
 13524 | D:13     | Identified the ring "Ujeuruacse" {rElec rPois MP+9} (You found it on level 13 of the Dungeon)
 13612 | D:13     | Found Cuotimus's Assorted Antiques.
 13770 | D:13     | Found a portal to a secret trove of treasure.
 14015 | D:13     | Found an ornate altar of the Wu Jian Council.
 14233 | D:9      | Bought 3 scrolls of acquirement for 1560 gold pieces
 14233 | D:9      | Bought a scroll of blinking for 75 gold pieces
 14490 | D:14     | Gained mutation: Your body sometimes deteriorates upon taking damage. [evolution]
 15051 | D:14     | Found Moinuomn's Antique Armour Boutique.
 15052 | D:14     | Noticed Frances
 15824 | D:14     | HP: 4/89 [Frances/shard of ice (9)]
 16736 | D:15     | Entered Level 15 of the Dungeon
 16753 | D:15     | Found a staircase to the Depths.
 16753 | D:15     | Noticed Nessos
 16775 | D:15     | HP: 2/89 [Nessos/arrow (7)]
 16776 | D:15     | Found a blossoming altar of Fedhas.
 17000 | D:15     | HP: 2/90 [white ugly thing (9)]
 17020 | D:15     | HP: 1/90 [death knight/enchanted glaive (6)]
 17022 | D:15     | Killed from afar by an acid dragon

Skill      XL: |  1  2  3  4  5  6  7  8  9 10 11 12 13 |
---------------+----------------------------------------+-----
Polearms       | 2 3 4 6 7 |  7.9
Unarmed Combat | 3 5 6 7 8 9 10 | 10.0
Armour         | 2 3 5 6 7 8 9 |  9.0
Dodging        | 1 3 4 6 7 8 |  8.8
Fighting       | 4 6 7 8 |  8.9
Shields        | 1 4 5 7 8 |  8.2
Invocations    | 3 5 6 7 8 |  8.8
Axes           | 2 4 |  4.3

Action                   |  1- 3 |  4- 6 |  7- 9 | 10-12 | 13-15 || total
-------------------------+-------+-------+-------+-------+-------++-------
Melee: Spear             |   112 |   154 |    58 |    59 |    34 ||   417
       Kick              |       |    27 |   107 |   209 |   103 ||   446
       Unarmed           |       |       |   341 |   526 |       ||   867
       Punch             |       |       |     8 |       |       ||     8
       Whip              |       |       |    34 |       |       ||    34
       War axe           |       |       |       |    92 |   216 ||   308
Invok: Depart the Abyss  |     1 |       |       |       |       ||     1
       Brand Weapon With |       |       |       |     1 |       ||     1
Evoke: Wand              |       |       |       |       |     4 ||     4
  Use: Potion            |     3 |     7 |     8 |     9 |     8 ||    35
       Scroll            |     4 |     5 |    10 |    13 |    15 ||    47
 Stab: Invisible         |       |       |       |     2 |       ||     2
  Eat: Ration            |       |     1 |     6 |     7 |     3 ||    17
       Chunk             |       |     1 |       |     2 |       ||     3
Armor: Leather armour    |    13 |       |       |       |       ||    13
       Ring mail         |    26 |    31 |       |       |       ||    57
       Scale mail        |       |    20 |   151 |   156 |       ||   327
       Ice dragon scales |       |       |       |   120 |   102 ||   222
       Skin              |       |       |       |   105 |       ||   105
Dodge: Dodged            |    46 |    41 |   160 |   230 |   127 ||   604
       Deflected         |     1 |     1 |     2 |       |       ||     4
Block: Shield            |       |       |    24 |   321 |   150 ||   495
